 Dungeon Crawl Stone Soup version 0.27-a0-416-gca2cecf3c0 (webtiles) character file.

Game seed: 15662818992221476325

6214 ArcanElement the Geomancer (level 10, -1/57 HPs)
             Began as a Gargoyle Earth Elementalist on Feb 24, 2021.
             Was a Believer of Hepliaklqana.
             Killed by divine providence
             ... invoked by an orc priest
              (13 damage)
             ... on level 10 of the Dungeon.
             The game lasted 00:41:21 (12197 turns).

ArcanElement the Geomancer (GrEE)                  Turns: 12197, Time: 00:41:23

Health: -1/57      AC: 13    Str: 16    XL:     10   Next: 92%
Magic:  4/17       EV: 12    Int: 17    God:    Hepliaklqana [**....]
Gold:   449        SH:  5    Dex: 17    Spells: 4/19 levels left

rFire    . . .     SeeInvis .   O - +2 dagger (venom)
rCold    . . .     Faith    .   s - +0 buckler
rNeg     + + .     Spirit   .   I - +0 robe of Guarr {Str+3}
rPois    ∞         Reflect  .   (no helmet)
rElec    +         Harm     .   K - +2 cloak {rPois}
rCorr    .         Rampage  .   M - +0 pair of gloves
Will     .....                  (no boots)
Stlth    ++++......             (no amulet)
HPRegen  0.19/turn              m - +6 ring of dexterity
MPRegen  0.15/turn              A - ring of positive energy

@: no status effects
A: reduced essence, negative energy resistance 1, electricity resistance,
unbreathing, petrification resistance, miasma immunity, AC +7
a: Renounce Religion, Recall Ancestor, Ancestor Identity


You were on level 10 of the Dungeon.
You worshipped Hepliaklqana.
Hepliaklqana was pleased with you.
You visited 2 branches of the dungeon, and saw 11 of its levels.

You collected 449 gold pieces.

Inventory:

Hand Weapons
 e - a +2 dagger of flaming
 f - a +5 hand axe
 y - a +3 dagger of freezing
 B - a +0 flail of venom
 F - a +4 dagger
 J - a +3 quarterstaff of chaos
 O - a +2 dagger of venom (weapon)
Missiles
 z - 29 stones
Armour
 j - a +0 leather armour
 s - a +0 buckler (worn)
 I - the +0 robe of Guarr (worn) {Str+3}
   (You took it off an orc on level 4 of the Dungeon)

   It affects your strength (+3).
 K - a +2 cloak of poison resistance (worn)
 M - a +0 pair of gloves (worn)
Jewellery
 m - a +6 ring of dexterity (left hand)
 t - a ring of protection from fire
 A - a ring of positive energy (right hand)
 D - a ring of protection from cold
 H - a ring of positive energy
 N - an amulet of guardian spirit
Wands
 c - a wand of iceblast (8)
 g - a wand of mindburst (30)
 r - a wand of charming (11)
 u - a wand of acid (9)
 x - a wand of random effects (13)
 C - a wand of flame (18)
Scrolls
 a - 4 scrolls of teleportation
 b - a scroll of immolation
 d - 2 scrolls of fog
 h - a scroll of amnesia
 l - 2 scrolls of fear
 n - 2 scrolls of enchant armour
 o - 2 scrolls of identify
 p - a scroll of blinking
 q - 2 scrolls of enchant weapon
 E - a scroll of magic mapping
 L - a scroll of noise
Potions
 i - 3 potions of attraction
 k - 5 potions of curing
 v - a potion of brilliance
 w - a potion of haste
 G - a potion of lignification


   Skills:
 - Level 7.7 Fighting
 + Level 2.5 Armour
 - Level 1.5 Dodging
 + Level 8.0 Stealth
 - Level 4.0 Shields
 - Level 5.0 Spellcasting
 - Level 3.6 Conjurations
 - Level 5.0 Transmutations
 - Level 10.7 Earth Magic


You had 4 spell levels left.
You knew the following spells:

 Your Spells              Type           Power        Failure   Level
a - Sandblast             Erth           80%          1%          1
b - Passwall              Tmut/Erth      25%          1%          2
c - Stone Arrow           Conj/Erth      56%          2%          3
d - Petrify               Tmut/Erth      30%          5%          4
e - Lee's Rapid Deconstr  Erth           20%          4%          5

Your spell library contained the following spells:

 Spells                   Type           Power        Failure   Level
 Iron Shot                Conj/Erth      14%          75%         6
 Starburst                Conj/Fire      5%           100%        6
 Spellforged Servitor     Conj/Summ      5%           100%        7


Dungeon Overview and Level Annotations

Branches:
Dungeon (10/15)            Temple (1/1) D:5            Lair (0/6) D:8
    Orc: D:9-12

Altars:
Ashenzari
Cheibriados
Dithmenos
Elyvilon
Fedhas
Gozag
Hepliaklqana
Kikubaaqudgha
Makhleb
Nemelex Xobeh
Okawaru
Qazlal
Ru
Sif Muna
Trog
Uskayaw
Vehumet
Wu Jian
Xom
Yredelemnul
Zin
The Shining One

Shops:
D:6 :   D:8 ?   D:9 *


Innate Abilities, Weirdness & Mutations

You are resistant to torment.
Your stone body is resilient. (AC +7)
You are immune to poison.
You resist negative energy. (rN+)
You are resistant to electric shocks. (rElec)
You can survive without breathing.
You are immune to petrification.
You are immune to miasma.
Your life essence is reduced to manifest your ancestor. (-10% HP)


Message History

Crysoprase hits the killer bee with a +0 flail!
The killer bee dies!
The orc wizard moves out of view.
You hear a shout! x2
Something shouts, "Quit, thou ducking miscreant tinkerer!"
The killer bee is engulfed in a cloud of scalding steam. x2
You swap places.
The killer bee is no longer petrified.
The killer bee is engulfed in a cloud of scalding steam.
You block the killer bee's attack.
The killer bee is engulfed in a cloud of scalding steam.
The killer bee stings you but does no damage.
The orc wizard gestures at you while chanting.
The puff of flame hits you but does no damage.
An orc and an orc wizard come into view.
You see here a quokka corpse.
The orc wizard shouts!
The orc shouts!
The killer bee is engulfed in a cloud of scalding steam.
The killer bee stings you but does no damage.
Crysoprase misses the killer bee.
The killer bee is engulfed in a cloud of scalding steam.
The killer bee dies!
You see here a killer bee corpse.
An orc priest comes into view. It is wielding a +0 short sword.
Casting: Sandblast (safe; 1% risk of failure)
Confirm with . or Enter, or press ? or * to list all spells.
You don't have enough magic to cast this spell.
The steam dragon breathes steam at you.
The ball of steam hits the orc wizard!
The orc wizard dies!
The ball of steam hits Crysoprase.
Crysoprase resists.
The ball of steam hits you!
* * * LOW HITPOINT WARNING * * *
The orc wizard casts a spell at you.
Crysoprase appears confused.
There is a stone staircase leading up here.
You are engulfed in a cloud of scalding steam.
The orc priest invokes the aid of Beogh against you.
Beogh smites you!
You die...

#######
############@(...#
.........††R####.#
........†..§#
..........o.#
.........).D...
................
.......o......o..
....##.o.........
...# ............


You could see the friendly Crysoprase the knight (confused), an orc priest and 2
orc wizards.

Vanquished Creatures
  Grinder (D:4)
  Sigmund (D:4)
  Duvessa (D:5)
  2 water moccasins
  3 sky beasts
  An ice beast (D:7)
  A black bear (D:8)
  2 ogres
  5 centaurs
  2 phantoms
  A bullfrog (D:7)
  Dowan (D:5)
  4 scorpions
  A water moccasin skeleton (D:7)
  3 killer bees (D:10)
  8 wights
  3 howler monkeys (D:4)
  A bullfrog skeleton (D:5)
  8 hounds
  Crazy Yiuf (D:4)
  2 bullfrog zombies (D:7)
  A jelly (D:5)
  5 orc priests
  3 iguanas
  13 orc wizards
  8 worker ants
  Natasha (thrice) (D:1)
  A hound zombie (D:5)
  A howler monkey zombie (D:9)
  A worker ant zombie (D:8)
  8 gnolls
  9 adders
  4 white imps
  2 ufetubi
  2 adder skeletons (D:4)
  A worm (D:3)
  2 dart slugs
  6 leopard geckos
  29 orcs
  2 bats
  4 giant cockroaches
  6 hobgoblins
  6 jackals
  3 kobolds
  4 quokkas
  5 frilled lizards
  A giant cockroach zombie (D:6)
  3 goblins
  A jackal skeleton (D:3)
  6 rats
192 creatures vanquished.

Vanquished Creatures (collateral kills)
  Pikel (D:4)
  3 yaks (D:9)
  2 wargs (D:8)
  An orc warrior (D:8)
  An ogre (D:6)
  A centaur (D:9)
  A phantom (D:8)
  A bullfrog (D:9)
  A killer bee (D:10)
  A howler monkey (D:4)
  An orc priest (D:8)
  2 iguanas
  2 orc wizards
  2 worker ants (D:9)
  An adder zombie (D:9)
  4 orcs
  A quokka (D:10)
26 creatures vanquished.

Vanquished Creatures (others)
  A killer bee (D:10)
  2 orc wizards
  2 ancestors (D:6)
  An orc (D:10)
  2 fungi (D:4)
8 creatures vanquished.

Grand Total: 226 creatures vanquished

Notes
Turn   | Place    | Note
-------+----------+-------------------------------------------
     0 | D:1      | ArcanElement the Gargoyle Earth Elementalist began the
                  | quest for the Orb.
     0 | D:1      | Reached XP level 1. HP: 10/10 MP: 3/3
   714 | D:1      | Reached skill level 4 in Earth Magic
   714 | D:1      | Reached XP level 2. HP: 15/15 MP: 0/5
   820 | D:1      | Learned a level 2 spell: Passwall
   911 | D:2      | Noticed Natasha
   924 | D:1      | Killed Natasha
   925 | D:1      | Reached XP level 3. HP: 16/19 MP: 1/6
   995 | D:1      | Noticed Natasha
   999 | D:1      | Killed Natasha
  1000 | D:1      | Reached XP level 4. HP: 24/24 MP: 4/7
  1199 | D:1      | Noticed Natasha
  1205 | D:1      | Killed Natasha
  1206 | D:1      | Reached skill level 5 in Earth Magic
  1276 | D:1      | Learned a level 3 spell: Stone Arrow
  1494 | D:2      | Reached XP level 5. HP: 28/28 MP: 5/8
  1943 | D:3      | Reached skill level 1 in Conjurations
  2853 | D:4      | Reached skill level 5 in Stealth
  2853 | D:4      | Reached XP level 6. HP: 29/32 MP: 2/9
  2855 | D:4      | Noticed Grinder
  2975 | D:4      | Reached skill level 6 in Earth Magic
  3341 | D:4      | Noticed Sigmund
  3376 | D:4      | Reached XP level 7. HP: 21/36 MP: 3/10
  3503 | D:4      | Learned a level 4 spell: Petrify
  3623 | D:5      | Entered Level 5 of the Dungeon
  3632 | D:5      | Found a broken altar of Ashenzari.
  3795 | D:5      | Found a staircase to the Ecumenical Temple.
  3804 | Temple   | Entered the Ecumenical Temple
  4189 | Temple   | Became a worshipper of Hepliaklqana the Forgotten
  4268 | D:4      | Reached skill level 1 in Fighting
  4710 | D:5      | Noticed Duvessa
  4710 | D:5      | Noticed Dowan
  5116 | D:6      | Reached skill level 5 in Fighting
  5116 | D:6      | Reached XP level 8. HP: 44/44 MP: 2/11
  5238 | D:6      | Reached skill level 7 in Earth Magic
  5467 | D:6      | Found an opulent altar of Gozag.
  5864 | D:6      | Reached * piety under Hepliaklqana
  6122 | D:6      | Found Piegaxech's Book Emporium.
  6824 | D:7      | Reached skill level 8 in Earth Magic
  6888 | D:7      | Reached XP level 9. HP: 48/48 MP: 2/15
  7184 | D:7      | Learned a level 5 spell: Lee's Rapid Deconstruction
  7195 | D:7      | Reached skill level 1 in Transmutations
  7546 | D:7      | Reached skill level 9 in Earth Magic
  7834 | D:5      | Found a sacrificial altar of Ru.
  7839 | D:5      | Found a white marble altar of Elyvilon.
  7841 | D:5      | Found a glowing golden altar of the Shining One.
  7883 | D:5      | Reached skill level 5 in Spellcasting
  8186 | D:5      | Killed Duvessa
  8194 | D:5      | Killed Dowan
  8923 | D:4      | Killed Sigmund
  8935 | D:4      | Reached skill level 10 in Earth Magic
  9158 | D:4      | Reached ** piety under Hepliaklqana
  9159 | D:4      | Remembered your ancestor Crysoprase as a knight
  9185 | D:4      | Found a runed translucent door.
  9186 | D:4      | Noticed Crazy Yiuf
  9226 | D:4      | Noticed Pikel
  9239 | D:4      | Killed Pikel
  9240 | D:4      | Reached XP level 10. HP: 42/53 MP: 0/17
  9242 | D:4      | Paralysed by Grinder for 5 turns
  9250 | D:4      | Killed Grinder
  9251 | D:4      | Reached skill level 1 in Shields
  9474 | D:4      | Identified the +0 robe of Guarr {Str+3}
  9793 | D:4      | Killed Crazy Yiuf
 10033 | D:8      | Found a staircase to the Lair.
 10059 | D:8      | Reached skill level 5 in Transmutations
 10194 | D:8      | Identified the Almanac of Scorching Combat Magic
 10257 | D:8      | Found Ciafuan's Magic Scroll Shoppe.
 11113 | D:9      | Found Piskoas's Assorted Antiques.
 11664 | D:9      | Reached skill level 1 in Armour
 12171 | D:10     | Entered Level 10 of the Dungeon
 12197 | D:10     | Killed from afar by an orc priest

Illustrated notes

Levels and vault maps discovered:
D:1:      dpeg_arrival_arbitrary_c, layout_basic
D:2:      minmay_evil_eye, layout_rooms, minmay_misc_feat_tower, uniq_natasha
D:3:      layout_basic
D:4:      layout_loops_ring, minmay_divided_ellipse, uniq_sigmund, uniq_pikel,
          uniq_grinder, uniq_crazy_yiuf_cottage
D:5:      layout_basic, minitemple, minmay_temple_entry_sparse_star,
          uniq_duvessa
D:6:      layout_loops_corners, serial_shops, nicolae_shop_crystal,
          grunt_gozag_statues
D:7:      layout_loops_ring
D:8:      layout_loops_cross, erik_lair_orcish_takeover, serial_shops, shop
D:9:      layout_basic, serial_shops, nicolae_shop_overgrown_old_shop,
          hex_intersection, zaba_anthole
D:10:     layout_basic, hiddenorc1_lemuel, hangedman_abyss_or_decor_lesser_grid
Temple:   dpeg_five_rooms_temple

Skill      XL: |  1  2  3  4  5  6  7  8  9 10 |
---------------+-------------------------------+-----
Earth Magic    | 4 5 6 8 10 | 10.7
Stealth        | 3 4 5 6 7 8 |  8.0
Conjurations   | 2 3 |  3.6
Fighting       | 5 7 |  7.7
Spellcasting   | 4 5 |  5.0
Transmutations | 4 5 |  5.0
Shields        | 4 |  4.0
Armour         | 2 |  2.5
Dodging        | |  1.5

Action                   |  1- 3 |  4- 6 |  7- 9 | 10-12 || total
-------------------------+-------+-------+-------+-------++-------
Melee: Dagger            |     4 |    38 |   103 |    32 ||   177
 Cast: Sandblast         |    16 |    85 |   129 |    28 ||   258
       Stone Arrow       |       |       |    40 |    13 ||    53
       Lee's Rapid Decon |       |       |     2 |     7 ||     9
       Petrify           |       |       |       |     1 ||     1
Invok: Recall Ancestor   |       |       |     2 |       ||     2
       Ancestor Identity |       |       |     1 |       ||     1
       Ancestor Life: Kn |       |       |     1 |       ||     1
Evoke: Wand              |       |       |     2 |       ||     2
  Use: Scroll            |     1 |     5 |     7 |     7 ||    20
       Potion            |       |     4 |     2 |       ||     6
 Stab: Sleeping          |     1 |     5 |    14 |     7 ||    27
Armor: Robe              |     1 |       |       |    24 ||    25
       Leather armour    |       |    21 |    71 |       ||    92
Dodge: Dodged            |     4 |    45 |   105 |    24 ||   178
Block: Buckler           |       |       |       |    15 ||    15

Table legend: (Time is in decaauts)
 A = Elapsed time spent in this place.
 B = Non-inter-level travel time spent in this place.
 C = Inter-level travel time spent in this place.
 D = Time resting spent in this place.
 E = Time spent auto-exploring this place.
 F = Levels seen in this place.
 G = Mean time per level.
                   A        B        C        D        E       F      G
               +--------+--------+--------+--------+--------+-----+--------+
         Total |  12197 |  11486 |    711 |   3692 |   6097 |  11 | 1108.8 |
       Dungeon |  11759 |  11210 |    549 |   3692 |   5826 |  10 | 1175.9 |
        Temple |    437 |    275 |    162 |      0 |    271 |   1 |  437.0 |
               +--------+--------+--------+--------+--------+-----+--------+

Top non-repeatable levels by time:
     D:4: 2102 daAuts
     D:5: 1809 daAuts
     D:6: 1470 daAuts
     D:7: 1341 daAuts
     D:1: 1265 daAuts
     D:9: 1231 daAuts
     D:3: 978 daAuts
     D:8: 965 daAuts
     D:2: 569 daAuts
  Temple: 437 daAuts
    D:10: 25 daAuts
